Map: Acid Plant LE

Players

Zanster

  • Race: Zerg Zerg
  • League: Master
  • Spawn Location: 11:00

Elazer - Winner!

  • Race: Zerg Zerg
  • Spawn Location: 5:00

Event: WCS Austin 2018

VOD

Have the link to the VOD?

Description

Time

  • Played on: June 1, 2018, 5:03 p.m.
  • Length: 9:45

All games in this series

Show
View Real Time Build Order
Export as new Build Order

Zanster Zerg 

Build Orders: Hatch First 

Get SALT Encoding   

  12  0:01  Drone  
  13  0:12  Overlord  
  13  0:16  Drone  
  14  0:30  Drone  
  14  0:31  Drone  
  14  0:34  Drone  
  17  0:52  Hatchery  
  17  0:55  Drone  
  17  0:57  Drone  
  18  1:10  Extractor  
  17  1:12  Spawning Pool  
  17  1:15  Drone  
  17  1:19  Drone  
  18  1:28  Drone  
  19  1:39  Drone  
  20  1:49  Overlord  
  20  2:00  Queen  
  22  2:04  Queen  
  22  2:05  Zergling x4  
  26  2:11  Zergling x2  
  26  2:15  Metabolic Boost  
  27  2:17  Drone  
  27  2:21  Drone  
  29  2:26  Drone  
  30  2:32  Drone  
  30  2:36  Queen  
  33  2:37  Drone  
  34  2:48  Hatchery  
  33  2:52  Drone  
  33  2:53  Overlord  
  34  3:00  Zergling x4  
  35  3:12  Zergling x12  
  41  3:18  Overlord  
  41  3:25  Roach Warren  
  41  3:26  Drone  
  41  3:28  Drone  
  41  3:30  Drone  
  43  3:39  Drone x2  
  43  3:40  Drone  
  43  3:41  Drone  
  47  3:52  Drone x4  
  47  3:54  Drone x2  
  52  3:58  Overlord  
  50  4:03  Overlord  
  47  4:14  Roach  
  47  4:15  Roach x3  
  54  4:18  Roach  
  54  4:19  Roach  
  54  4:23  Roach  
  60  4:25  Extractor  
  60  4:28  Roach  
  60  4:29  Evolution Chamber  
  60  4:33  Roach x2  
  63  4:40  Overlord, Roach  
  63  4:43  Zergling x6  
  68  4:51  Zergling x6  
  71  4:56  Zergling x6  
  71  4:57  Overlord  
  74  5:02  Zergling x4  
  74  5:06  Zergling x4  
  77  5:07  Zergling x2  
  77  5:09  Drone  
  77  5:12  Drone  
  79  5:15  Zerg Missile Weapons Level 1  
  79  5:26  Drone  
  79  5:27  Drone x6  
  78  5:31  Ravager  
  78  5:32  Drone  
  78  5:33  Drone  
  78  5:34  Drone  
  79  5:36  Drone  
  79  5:42  Lair  
  74  5:44  Extractor  
  70  5:54  Roach x6  
  81  5:58  Roach  
  81  5:59  Extractor  
  81  6:00  Drone x2  
  81  6:01  Drone  
  81  6:02  Drone  
  82  6:09  Drone  
  82  6:10  Drone x3  
  82  6:11  Overlord  
  86  6:12  Roach  
  86  6:15  Roach  
  90  6:24  Overlord  
  90  6:25  Overlord  
  90  6:26  Overlord  
  90  6:29  Overlord  
  90  6:31  Roach x2  
  90  6:32  Roach  
  96  6:39  Roach  
  91  6:47  Roach x5  
  99  6:59  Roach x4  
  99  7:00  Roach  
  101  7:11  Drone x7  
  101  7:15  Drone x2  
  110  7:18  Glial Reconstitution  
  110  7:20  Drone  
  110  7:22  Drone  
  112  7:24  Drone  
  112  7:25  Drone  
  114  7:38  Drone x4  
  114  7:39  Drone x2  
  114  7:40  Extractor  
  114  7:41  Extractor  
  114  7:42  Drone x2  
  114  7:44  Overseer  
  120  7:45  Drone  
  120  7:51  Drone, Queen  
  121  7:52  Drone  
  121  7:54  Overlord  
  125  7:59  Roach x2  
  125  8:02  Overlord  
  129  8:09  Hatchery  
  128  8:13  Overlord  
  128  8:15  Roach  
  128  8:16  Roach x3  
  136  8:20  Roach  
  136  8:21  Roach x2  
  136  8:22  Overseer  
  142  8:29  Roach x2  
  142  8:30  Overlord  
  142  8:31  Overlord  
  142  8:33  Roach x6  
  146  8:36  Roach x3  
  146  8:39  Ravager x2  
  154  8:42  Overlord  
  154  8:46  Overlord  
  154  8:50  Ravager x6  
  154  8:53  Ravager x3  
  154  8:55  Roach x2  
  161  8:57  Overlord  
  161  9:07  Roach x5  
  169  9:10  Hydralisk Den  
  169  9:12  Roach  
  164  9:22  Roach  
  164  9:23  Roach x7  
Show
View Real Time Build Order
Export as new Build Order

Elazer Zerg - Winner!

Build Orders: Hatch First 

Get SALT Encoding   

  12  0:00  Drone  
  13  0:12  Overlord  
  13  0:17  Drone  
  14  0:31  Drone x2  
  16  0:48  Hatchery  
  15  0:51  Drone  
  15  0:54  Drone  
  17  0:58  Drone  
  18  1:08  Extractor  
  17  1:13  Spawning Pool  
  17  1:16  Drone  
  17  1:20  Drone  
  18  1:28  Drone  
  19  1:38  Drone  
  20  1:49  Overlord  
  20  1:59  Queen x2  
  20  2:00  Drone x2  
  26  2:08  Metabolic Boost  
  26  2:11  Drone, Zergling x2  
  28  2:21  Drone  
  28  2:22  Drone  
  30  2:33  Zergling x4  
  32  2:39  Hatchery  
  31  2:49  Baneling Nest, Overlord  
  30  2:52  Drone  
  30  2:55  Drone  
  30  2:56  Drone  
  33  3:08  Drone  
  33  3:09  Drone x2  
  33  3:10  Overlord  
  33  3:11  Drone  
  37  3:16  Zergling x2  
  37  3:17  Drone x2  
  40  3:25  Zergling x2  
  41  3:27  Queen  
  41  3:31  Zergling x4  
  41  3:33  Baneling x2  
  45  3:38  Overlord  
  45  3:43  Zergling x6  
  45  3:44  Baneling  
  45  3:47  Overlord  
  48  3:51  Zergling x4  
  49  3:58  Overlord  
  49  4:02  Overlord  
  47  4:03  Overlord  
  47  4:04  Drone x2  
  47  4:10  Drone x2  
  47  4:14  Drone  
  47  4:16  Drone  
  50  4:19  Evolution Chamber  
  50  4:20  Drone  
  50  4:24  Drone  
  51  4:29  Roach Warren, Extractor  
  51  4:31  Drone x2  
  51  4:36  Drone  
  51  4:37  Overlord  
  51  4:38  Drone x2  
  53  4:43  Drone  
  53  4:45  Drone  
  55  4:46  Overlord  
  55  4:47  Zerg Missile Weapons Level 1  
  55  4:52  Zergling x2  
  56  4:53  Zergling x4  
  56  4:58  Overlord, Extractor  
  57  5:09  Roach  
  57  5:10  Roach x5  
  57  5:14  Roach  
  71  5:19  Roach x3  
  74  5:26  Roach x3  
  76  5:29  Zergling x4  
  73  5:37  Queen  
  73  5:39  Roach  
  73  5:40  Roach x2  
  73  5:49  Roach x2, Zergling x8  
  77  5:54  Zergling x6  
  75  5:59  Queen  
  75  6:03  Queen  
  79  6:06  Drone x2  
  79  6:09  Drone x2  
  83  6:15  Drone x3  
  85  6:20  Drone  
  85  6:23  Lair  
  85  6:25  Overlord  
  86  6:28  Drone  
  86  6:31  Extractor  
  86  6:32  Drone  
  87  6:35  Drone x2  
  89  6:42  Drone  
  89  6:43  Drone  
  88  6:48  Drone x2  
  88  6:49  Drone  
  88  6:50  Drone  
  89  6:57  Drone x2  
  91  7:04  Drone x3, Extractor  
  93  7:14  Overlord  
  93  7:16  Drone x3  
  93  7:19  Roach  
  93  7:20  Roach, Glial Reconstitution  
  93  7:21  Zerg Missile Weapons Level 2  
  93  7:22  Hatchery, Overseer  
  99  7:24  Overseer  
  99  7:26  Roach x2  
  103  7:33  Roach x2  
  103  7:34  Ravager  
  103  7:35  Ravager  
  109  7:37  Roach  
  109  7:38  Roach x5  
  109  7:40  Overlord  
  109  7:41  Roach  
  123  7:45  Roach x3  
  131  7:51  Roach x3  
  131  7:53  Ravager  
  136  7:59  Roach  
  136  8:03  Roach x4  
  146  8:08  Overlord x2  
  146  8:11  Overlord  
  146  8:18  Overlord  
  146  8:26  Ravager  
  148  8:27  Roach, Ravager  
  148  8:28  Overlord, Roach x6  
  148  8:32  Roach x4  
  170  8:42  Roach x6  
  170  8:48  Roach x3  
  188  8:53  Roach  
  188  8:54  Roach  
  192  8:58  Overlord  
  190  9:08  Roach x3  
  189  9:20  Ravager x4  
  189  9:21  Roach  
Tags
 
Add a new tag
Caveats
  • Supply blocks, unpowered buildings, or Contaminate may cause inaccurate times.
  • Supply counts are checked every 10 seconds.